 Dungeon Crawl Stone Soup version 0.19.0-11-g3fc08b3 (webtiles) character file.

8215 tsouns the Destroyer (level 11, -2/60 HPs)
             Began as a Tengu Fire Elementalist on Nov 9, 2016.
             Was a Believer of Ashenzari.
             Slain by a komodo dragon (21 damage)
             ... on level 10 of the Dungeon.
             The game lasted 00:43:48 (12644 turns).

tsouns the Destroyer (Tengu Fire Elementalist)     Turns: 12644, Time: 00:43:49

Health: -2/60      AC:  5    Str:  8    XL:     11   Next: 27%
Magic:  7/24       EV: 15    Int: 23    God:    Ashenzari [**....]
Gold:   570        SH:  0    Dex: 16    Spells: 6 memorised, 8 levels left

rFire  . . .     SeeInvis .     L - +10 war axe "Geruf" {freeze, Int+5} (curse)
rCold  . . .     Gourm    .     a - +0 robe (curse)
rNeg   . . .     Faith    .     (no shield)
rPois  .         Spirit   .     (helmet restricted)
rElec  +         Reflect  .     e - +2 cloak (curse)
rCorr  .         Harm     .     (no gloves)
MR     .....                    (boots unavailable)
Stlth  +++.......               (no amulet)
                                (no ring)
                                (no ring)

@: very slightly contaminated
A: beak, talons 3, electricity resistance, able to fly 1
a: Fly, Curse Item, Scrying, Renounce Religion


You were on level 10 of the Dungeon.
You worshipped Ashenzari.
Ashenzari was pleased with you.
You were not hungry.

You visited 2 branches of the dungeon, and saw 11 of its levels.
You also visited: Sewer and Ossuary.

You collected 570 gold pieces.

Inventory:

Hand Weapons
 i - a +3 whip of electrocution
 L - the cursed +10 war axe "Geruf" (weapon) {freeze, Int+5}
   (You found it on level 9 of the Dungeon)

   It has been specially enchanted to freeze those struck by it, causing extra
   injury to most foes and up to half again as much damage against particularly
   susceptible opponents.
   It can also slow down cold-blooded creatures.
   It affects your intelligence (+5).
   It has a curse placed upon it.
Missiles
 f - 4 javelins of penetration
 h - 6 javelins (quivered)
 K - 5 tomahawks of returning
Armour
 a - a cursed +0 robe (worn)
 e - a cursed +2 cloak (worn)
Wands
 k - a wand of flame (15/48)
 t - a wand of confusion (23/48)
 C - a wand of digging (6/24)
 H - a wand of flame (15/48)
 I - a wand of digging (8/24)
 J - a wand of teleportation (4/9)
Scrolls
 l - 3 scrolls of amnesia
 m - a scroll of fear
 q - 2 scrolls of remove curse
 s - 3 scrolls of recharging
 y - 2 scrolls of fog
 E - a scroll of teleportation
Potions
 g - 10 potions of curing
 j - 3 potions of flight
 o - a potion of magic
 r - 4 potions of haste
 u - 2 potions of brilliance
 v - 5 potions of cancellation
 w - a potion of invisibility
 x - 4 potions of agility
 z - 2 potions of lignification
 D - a potion of berserk rage
Books
 b - a book of Flames

   Spells                             Type                      Level
   a - Flame Tongue                   Conjuration/Fire             1
   b - Throw Flame                    Conjuration/Fire             2
   c - Conjure Flame                  Conjuration/Fire             3
   d - Inner Flame                    Hexes/Fire                   3
   e - Sticky Flame                   Conjuration/Fire             4
   f - Fireball                       Conjuration/Fire             5
 p - a book of Clouds

   Spells                             Type                      Level
   a - Mephitic Cloud                 Conjuration/Poison/Air       3
   b - Conjure Flame                  Conjuration/Fire             3
   c - Poisonous Cloud                Conjuration/Poison/Air       6
   d - Freezing Cloud                 Conjuration/Ice/Air          6
   e - Ring of Flames                 Charms/Fire                  7
 A - a book of Misfortune

   Spells                             Type                      Level
   a - Confusing Touch                Hexes                        1
   b - Confuse                        Hexes                        3
   c - Gell's Gravitas                Hexes/Translocation          3
   d - Petrify                        Transmutation/Earth          4
   e - Metabolic Englaciation         Hexes/Ice                    5
   f - Yara's Violent Unravelling     Hexes/Transmutation          5
Comestibles
 c - 6 bread rations
 d - a fruit
 n - 4 meat rations
 B - 3 chunks of flesh
 F - a royal jelly


   Skills:
 - Level 3.2 Fighting
 + Level 3.2(5.9) Axes
 - Level 4.0(4.6) Maces & Flails
 - Level 4.7 Dodging
 + Level 6.2 Stealth
 + Level 8.3 Spellcasting
 + Level 11.1 Conjurations
 - Level 9.3 Fire Magic


You had 8 spell levels left.
You knew the following spells:

 Your Spells              Type           Power        Failure   Level  Hunger
a - Flame Tongue          Conj/Fire      #####        1%          1    None
b - Throw Flame           Conj/Fire      ######       1%          2    None
c - Conjure Flame         Conj/Fire      ######..     1%          3    None
d - Sticky Flame          Conj/Fire      ######..     1%          4    ##.....
e - Fireball              Conj/Fire      ######....   3%          5    #####..
f - Confuse               Hex            #.......     21%         3    None


Dungeon Overview and Level Annotations

Branches:
Dungeon (10/15)            Temple (1/1) D:4            Lair (0/6) D:10
    Orc: D:9-12

Altars:
Ashenzari
Cheibriados
Dithmenos
Elyvilon
Fedhas
Gozag
Hepliaklqana
Kikubaaqudgha
Makhleb
Nemelex Xobeh
Okawaru
Qazlal
Ru
Sif Muna
Trog
Uskayaw
Vehumet
Xom
Yredelemnul
Zin
The Shining One

Shops:
D:7 (


Innate Abilities, Weirdness & Mutations

You have a beak for a mouth.
You have claws for feet.
You can fly.
You are resistant to electric shocks. (rElec)


Message History

Confirm with . or Enter, or press ? or * to list all spells.
Aiming: Sticky Flame
Press: ? - help, Shift-Dir - straight line, f/p - komodo dragon
Aim: a komodo dragon (severely wounded)
You miscast Sticky Flame.
You are very lightly contaminated with residual magic.
You hear a sizzling sound.
The komodo dragon bites you!
* * * LOW HITPOINT WARNING * * *
Some of the chunks of flesh in your inventory have rotted away.
Casting: Sticky Flame
Confirm with . or Enter, or press ? or * to list all spells.
Aiming: Sticky Flame
Press: ? - help, Shift-Dir - straight line, f/p - komodo dragon
Aim: a komodo dragon (heavily wounded)
The sticky flame hits the komodo dragon.
The komodo dragon is severely wounded.
The komodo dragon is covered in liquid flames!
The komodo dragon burns!
The komodo dragon bites you!!
You die...

#.................
#.################
#.# #.# #.# #.#
#.# #.# #@# #l#
#.# #.# #.#######
#.......##
###.#####..#
###.....####.#
##.....P...##.#


You could see a komodo dragon (burning).

Vanquished Creatures
  2 hill giants
  A troll (D:9)
  A hippogriff (D:7)
  A spriggan (D:7)
  2 wyverns
  4 yaks (D:9)
  A hungry ghost (D:9)
  Duvessa (D:4)
  4 orc warriors
  A hornet zombie (D:10)
  An ice beast (D:5)
  Purgy (Sewer)
  4 phantoms
  2 sky beasts
  4 ogres
  4 centaurs
  A crocodile (D:10)
  3 elf zombies (Ossuary)
  6 bullfrogs
  A gnoll sergeant (D:5)
  Dowan (D:4)
  A water moccasin zombie (D:7)
  6 scorpions (D:6)
  A water moccasin skeleton (D:5)
  11 killer bees
  5 wights (D:9)
  A howler monkey (D:5)
  2 crimson imps
  4 centaur zombies
  A centaur skeleton (D:7)
  6 orc priests
  5 hounds
  A gnoll shaman (D:5)
  A bullfrog zombie (D:6)
  A human zombie (Ossuary)
  Crazy Yiuf (D:4)
  An iguana (D:9)
  9 orc wizards
  5 worker ants
  2 big kobold zombies (Ossuary)
  A hound zombie (D:7)
  2 mummies (Ossuary)
  9 gnolls (D:5)
  16 adders
  3 river rats (D:3)
  A shadow imp (D:5)
  An ooze (D:3)
  An adder skeleton (D:5)
  2 adder zombies
  4 worms (D:3)
  5 leopard geckos
  28 orcs
  A ball python (D:3)
  4 giant cockroaches
  7 goblins
  12 hobgoblins
  2 jackals (D:1)
  6 kobolds
  5 quokkas
  A ball python zombie (D:5)
  21 bats
  7 frilled lizards
  2 goblin zombies (Ossuary)
  7 hobgoblin zombies (Ossuary)
  2 jackal zombies (Ossuary)
  11 kobold zombies (Ossuary)
  A leopard gecko skeleton (D:8)
  8 orc zombies (Ossuary)
  A quokka skeleton (D:4)
  14 rats
  2 rat zombies (D:6)
  A plant (D:10)
298 creatures vanquished.

Vanquished Creatures (others)
  5 fungi (D:6)
5 creatures vanquished.

Grand Total: 303 creatures vanquished

Notes
Turn   | Place    | Note
-------+----------+-------------------------------------------
     0 | D:1      | tsouns the Tengu Fire Elementalist began the quest for the Orb.
     0 | D:1      | Reached XP level 1. HP: 10/10 MP: 4/4
   172 | D:1      | Reached XP level 2. HP: 15/15 MP: 4/6
   302 | D:1      | Reached skill level 2 in Conjurations
   527 | D:1      | Reached XP level 3. HP: 19/19 MP: 2/7
   904 | D:1      | Learned a level 2 spell: Throw Flame
   908 | D:1      | Learned a level 3 spell: Conjure Flame
  1465 | D:2      | Reached XP level 4. HP: 24/24 MP: 7/9
  2027 | D:3      | Found a glowing drain.
  2028 | D:3      | Reached skill level 3 in Conjurations
  2131 | Sewer    | Entered a sewer
  2233 | Sewer    | Noticed Purgy
  2244 | Sewer    | Killed Purgy
  2244 | Sewer    | Gained mutation: You can fly. [Tengu growth]
  2244 | Sewer    | Reached XP level 5. HP: 28/28 MP: 0/11
  2476 | D:3      | Reached skill level 5 in Fire Magic
  2481 | D:3      | Reached skill level 4 in Conjurations
  2619 | D:3      | Reached XP level 6. HP: 22/32 MP: 3/12
  2728 | D:3      | Learned a level 4 spell: Sticky Flame
  3264 | D:4      | Noticed Duvessa
  3264 | D:4      | Noticed Dowan
  3273 | D:4      | Killed Duvessa
  3283 | D:4      | Killed Dowan
  3283 | D:4      | Reached skill level 5 in Conjurations
  3283 | D:4      | Reached XP level 7. HP: 29/36 MP: 9/14
  3337 | D:4      | Found a runed door.
  3341 | D:4      | Noticed Crazy Yiuf
  3349 | D:4      | Killed Crazy Yiuf
  3857 | D:4      | Reached skill level 6 in Conjurations
  4206 | D:4      | Learned a level 5 spell: Fireball
  4230 | D:4      | Found a staircase to the Ecumenical Temple.
  4236 | Temple   | Entered the Ecumenical Temple
  4380 | Temple   | Became a worshipper of Ashenzari the Shackled
  4580 | D:5      | Entered Level 5 of the Dungeon
  4600 | D:5      | Reached skill level 5 in Spellcasting
  4600 | D:5      | Reached XP level 8. HP: 41/41 MP: 6/16
  4705 | D:5      | HP: 1/41 [gnoll/halberd (11)]
  5332 | D:5      | Reached skill level 7 in Conjurations
  5479 | D:5      | Gained mutation: You are resistant to electric shocks. (rElec) [potion of beneficial mutation]
  6051 | D:5      | Reached skill level 8 in Conjurations
  6571 | D:6      | Reached XP level 9. HP: 43/45 MP: 9/19
  6754 | D:6      | Learned a level 3 spell: Confuse
  6862 | D:6      | Found a sand-covered staircase.
  6936 | Ossuary  | Entered an ossuary
  7293 | Ossuary  | Reached skill level 1 in Maces & Flails
  7398 | Ossuary  | Reached skill level 9 in Conjurations
  7676 | D:6      | Reached skill level 1 in Fighting
  8653 | D:7      | Found a radiant altar of Vehumet.
  8662 | D:7      | Found a stormy altar of Qazlal.
  8818 | D:7      | Reached * piety under Ashenzari
  8971 | D:7      | Found Fofyirgh's Weapon Shoppe.
  9145 | D:7      | Reached XP level 10. HP: 54/54 MP: 12/21
  9295 | D:7      | Found a blossoming altar of Fedhas.
 10339 | D:8      | Found a glowing golden altar of the Shining One.
 10477 | D:8      | Noticed a hill giant
 10494 | D:8      | Killed a hill giant
 10696 | D:9      | Found a shimmering altar of Xom.
 10950 | D:9      | Reached skill level 10 in Conjurations
 11064 | D:9      | Reached skill level 5 in Stealth
 11309 | D:9      | Got the war axe "Geruf" {freeze, Int+5}
 11310 | D:9      | Identified the +10 war axe "Geruf" {freeze, Int+5} (You found it on level 9 of the Dungeon)
 11563 | D:9      | Reached skill level 1 in Axes
 11604 | D:9      | Reached XP level 11. HP: 43/60 MP: 6/24
 11992 | D:9      | Found a sacrificial altar of Ru.
 12311 | D:10     | Entered Level 10 of the Dungeon
 12336 | D:10     | Reached ** piety under Ashenzari
 12389 | D:10     | Noticed a hill giant
 12394 | D:10     | Killed a hill giant
 12394 | D:10     | Reached skill level 11 in Conjurations
 12613 | D:10     | Found a staircase to the Lair.
 12644 | D:10     | Slain by a komodo dragon

Skill      XL: |  1  2  3  4  5  6  7  8  9 10 11 |
---------------+----------------------------------+-----
Conjurations   | 2 3 4 5 6 8 9 10 11 | 11.1
Fire Magic     | 4 5 6 8 9 |  9.3
Spellcasting   | 3 4 5 6 7 8 |  8.3
Maces & Flails | 3 4 |  4.0
Fighting       | 2 3 |  3.2
Dodging        | 3 4 |  4.7
Stealth        | 3 5 6 |  6.2
Axes           | 1 3 |  3.2

Action                   |  1- 3 |  4- 6 |  7- 9 | 10-12 || total
-------------------------+-------+-------+-------+-------++-------
Melee: Unarmed           |     3 |       |       |       ||     3
       Short sword       |     1 |       |       |       ||     1
       Whip              |     2 |     2 |    69 |    26 ||    99
       Peck              |       |       |    13 |     5 ||    18
       Kick              |       |       |    10 |    13 ||    23
       War axe           |       |       |       |    22 ||    22
Throw: Javelin           |       |     6 |     9 |       ||    15
 Cast: Flame Tongue      |    50 |    97 |   226 |    97 ||   470
       Throw Flame       |     5 |     4 |    34 |    23 ||    66
       Conjure Flame     |       |     3 |    11 |     5 ||    19
       Sticky Flame      |       |     4 |    35 |    43 ||    82
       Fireball          |       |       |     3 |     6 ||     9
Invok: Curse Item        |       |       |       |     3 ||     3
Evoke: Wand              |       |       |     2 |     8 ||    10
  Use: Scroll            |     5 |     9 |     8 |     5 ||    27
       Potion            |       |     1 |     1 |       ||     2
 Stab: Sleeping          |       |       |       |     2 ||     2
  Eat: Chunk             |     2 |     7 |     7 |    12 ||    28
       Royal jelly       |       |       |     1 |       ||     1
       Bread ration      |       |       |     2 |     1 ||     3
       Fruit             |       |       |     4 |       ||     4
       Meat ration       |       |       |     1 |       ||     1
       Pizza             |       |       |       |     1 ||     1
Armor: Robe              |     6 |     3 |    27 |    16 ||    52
Dodge: Dodged            |    26 |    22 |    81 |    85 ||   214
